 Dungeon Crawl Stone Soup version 0.28.0 (webtiles) character file.

Game seed: 5286387021394079234

39 AmazingTV the Sneak (level 3, -3/18 HPs)
             Began as a Spriggan Brigand on June 28, 2022.
             Slain by an orc priest (5 damage)
             ... on level 3 of the Dungeon.
             The game lasted 00:04:52 (1844 turns).

AmazingTV the Sneak (Spriggan Brigand)              Turns: 1844, Time: 00:04:53

Health: -3/18      AC:  3    Str: 13    XL:     3   Next: 28%
Magic:  4/4        EV: 16    Int: 12    God:
Gold:   53         SH:  0    Dex: 18    Spells: 2/2 levels left

rFire   . . .      SeeInvis +   a - +2 dagger
rCold   . . .      Faith    +   (no shield)
rNeg    . . .      Spirit   .   b - +0 robe
rPois   .          Reflect  .   (helmet restricted)
rElec   .          Harm     .   c - +0 cloak
rCorr   .          Rampage  .   (gloves unavailable)
Will    .....                   (boots unavailable)
Stlth   +++.......              h - amulet of faith
HPRegen 0.06/turn               k - +6 ring of strength
MPRegen 0.09/turn               m - ring of flight

@: flying, very quick
A: very small, no large weapons, unfitting armour, see invisible, speed 3
a: no special abilities


You were on level 3 of the Dungeon.
You visited 1 branch of the dungeon, and saw 3 of its levels.

You collected 109 gold pieces.
You spent 56 gold pieces at shops.

Inventory:

Hand Weapons
 a - a +2 dagger (weapon)
 q - the +8 trident of the Octopus King {venom, rElec rPois}
   (You found it on level 2 of the Dungeon)

   It poisons the flesh of those it strikes.
   rElec:     It insulates you from electricity.
   rPois:     It protects you from poison.
Missiles
 d - 8 poisoned darts (quivered)
 e - 2 curare-tipped darts
 s - 31 stones
 t - 21 arrows
 u - 24 sling bullets
Armour
 b - a +0 robe (worn)
 c - a +0 cloak (worn)
Jewellery
 h - an amulet of faith (around neck)
 k - a +6 ring of strength (left hand)
 m - a ring of flight (right hand)
Scrolls
 f - 4 scrolls of identify {unknown}
 g - a scroll of fear {unknown}
 j - 2 scrolls of teleportation {unknown}
 p - a scroll of magic mapping {unknown}
Potions
 i - 2 potions of curing {unknown}
 l - a potion of resistance {unknown}
 n - a potion of flight {unknown}
 o - a potion of heal wounds {unknown}
 r - a potion of magic {unknown}


   Skills:
 - Level 1.5 Fighting
 + Level 2.7 Short Blades
 + Level 1.6(2.6) Slings
 + Level 2.5(2.7) Throwing
 - Level 1.3 Dodging
 + Level 6.4 Stealth


You had 2 spell levels left.
You didn't know any spells.
Your spell library contained the following spells:

 Spells                   Type           Power      Damage    Failure   Level
 Magic Dart               Conj           0%         1d3       32%         1
 Call Imp                 Summ           0%         N/A       45%         2
 Mephitic Cloud           Conj/Pois/Air  0%         N/A       69%         3


Dungeon Overview and Level Annotations

Branches:
Dungeon (3/15)

Altars:

Shops:
D:1 :   D:2 *


Innate Abilities, Weirdness & Mutations

You are very small and have problems with some larger weapons.
You are too small for most types of armour.
You have supernaturally acute eyesight. (SInv)
You cover ground extremely quickly. (Speed+++)


Message History

You hit the endoplasm.
The endoplasm is severely wounded.
The endoplasm closely misses you.
You hit the endoplasm.
You kill the endoplasm!
You hit the orc.
The orc is heavily wounded.
The orc misses you.
You hit the orc.
You kill the orc!
You hit the orc.
The orc is lightly wounded.
You hit the orc but do no damage.
The orc is lightly wounded.
The orc hits you with a +0 whip.
You barely miss the orc. The orc completely misses you.
You hit the orc.
The orc is lightly wounded.
The orc closely misses you.
You hit the orc but do no damage.
The orc is lightly wounded.
The orc closely misses you.
You hit the orc.
The orc is almost dead.
The orc hits you with a +0 whip.
You closely miss the orc.
The orc is almost dead.
You hit the orc.
You kill the orc!
You closely miss the orc priest. The orc priest barely misses you.
You hit the orc priest.
The orc priest is moderately wounded.
The orc priest invokes the aid of Beogh against you.
Beogh smites you!
Ouch! That really hurt!
* * * LOW HITPOINT WARNING * * *
You hit the orc priest.
The orc priest is moderately wounded.
The orc priest hits you with a +0 mace.
You die...

#.# #.# ##.....#.# #.#
#...o....## #.#
#......... #.# ...o....
#.# ..o..# ##.## o?.# #
##...############.###...#
#............@o.........#
##...############........
##.## #........ ###
#........ #........
##....... ###...# ####


You could see an orc priest.

Vanquished Creatures
  2 dart slugs
  2 orcs (D:3)
  6 endoplasms
  3 goblins (D:2)
  5 hobgoblins
  2 ball pythons
  2 bats
  5 frilled lizards
  A kobold (D:2)
  4 rats
32 creatures vanquished.

Notes
Turn   | Place    | Note
-------+----------+-------------------------------------------
     0 | D:1      | AmazingTV the Spriggan Brigand began the quest for the Orb.
     0 | D:1      | Reached XP level 1. HP: 10/10 MP: 2/2
   232 | D:1      | Found Foz Gih's Book Shop.
   331 | D:1      | Reached skill level 6 in Stealth
   386 | D:1      | Reached XP level 2. HP: 14/14 MP: 3/3
   656 | D:1      | Reached skill level 1 in Slings
   681 | D:1      | Found a faded altar of an unknown god.
  1384 | D:2      | Found Uneih's Assorted Antiques.
  1391 | D:2      | Bought a golden potion for 18 gold pieces
  1391 | D:2      | Bought a yellow potion for 18 gold pieces
  1391 | D:2      | Bought a scroll labelled JAJEBENUMA for 20 gold pieces
  1411 | D:2      | Reached XP level 3. HP: 18/18 MP: 4/4
  1476 | D:2      | Found the +8 trident of the Octopus King {venom, rElec
                  | rPois}
  1844 | D:3      | Slain by an orc priest

Illustrated notes

Levels and vault maps discovered:
D:1:      grunt_arrival_lava_bath, layout_loops_corners,
          ebering_ecumenical_altar_abandoned, serial_shops,
          nicolae_shop_hallway_plus
D:2:      layout_basic, serial_shops, nicolae_shop_crystal
D:3:      layout_loops_ring, nicolae_gozag_cash_rules_everything_around_me,
          biasface_ghost_orc_armoury

Skill      XL: |  1  2 |
---------------+-------+-----
Stealth        | 6 |  6.4
Slings         | 1 |  1.6
Fighting       | |  1.5
Short Blades   | |  2.7
Throwing       | |  2.5
Dodging        | |  1.3

Action                   || total
-------------------------++-------
Melee: Dagger            ||    78
       Punch             ||     1
 Stab: Sleeping          ||    14
       Distracted        ||     1
Armor: Robe              ||     6
Dodge: Dodged            ||    30
